 Dungeon Crawl Stone Soup version 0.22.1-1-ga44c0e5 (webtiles) character file.

286 Markonkel the Chopper (level 6, -10/55 HPs)
             Began as a Minotaur Berserker on Sept 20, 2018.
             Was a Believer of Trog.
             Mangled by an ice beast (13 damage)
             ... on level 3 of the Dungeon.
             The game lasted 00:04:03 (2530 turns).

Markonkel the Chopper (Minotaur Berserker)          Turns: 2530, Time: 00:04:04

Health: -10/55     AC:  2    Str: 24    XL:     6   Next: 8%
Magic:  5/5        EV: 13    Int:  4    God:    Trog [**....]
Gold:   90         SH:  0    Dex:  9    Spells: 5/5 levels left

rFire    . . .     SeeInvis .   a - +0 hand axe
rCold    . . .     Gourm    .   (no shield)
rNeg     . . .     Faith    .   b - +0 animal skin
rPois    .         Spirit   .   (helmet restricted)
rElec    .         Reflect  .   (no cloak)
rCorr    .         Harm     .   (no gloves)
MR       .....                  (no boots)
Stlth    +.........             (no amulet)
HPRegen  0.18/turn              (no ring)
MPRegen  0.09/turn              (no ring)

@: berserk cooldown, slowed, very slow
A: retaliatory headbutt, horns 2
a: Berserk, Trog's Hand, Renounce Religion


You were on level 3 of the Dungeon.
You worshipped Trog.
Trog was pleased with you.
You were hungry.

You visited 1 branch of the dungeon, and saw 3 of its levels.

You collected 90 gold pieces.

Inventory:

Hand Weapons
 a - a +0 hand axe (weapon)
Missiles
 Q - 71 stones (quivered)
Armour
 b - a +0 animal skin (worn)
Scrolls
 c - 2 scrolls of amnesia {unknown}
 d - 2 scrolls of fog {unknown}
 f - 3 scrolls of magic mapping {unknown}
 g - a scroll of identify {unknown}
 o - a scroll of remove curse {unknown}
 p - a scroll of immolation {unknown}
 q - a scroll of enchant armour {unknown}
Potions
 h - 2 potions of curing {unknown}
 i - 2 potions of lignification {unknown}
 j - a potion of agility {unknown}
 l - a potion of resistance {unknown}
 m - a potion of might {unknown}
 n - a potion of haste {unknown}
Comestibles
 e - 6 rations
 k - a chunk of flesh


   Skills:
 + Level 4.9 Fighting
 * Level 5.9 Axes
 + Level 4.0 Armour
 + Level 3.6 Dodging


You had 5 spell levels left.
You didn't know any spells.
Your spell library was empty.

Dungeon Overview and Level Annotations

Branches:
Dungeon (3/15)

Altars:
Ashenzari
Makhleb
Qazlal
Trog
Xom
The Shining One


Innate Abilities, Weirdness & Mutations

You reflexively headbutt those who attack you in melee.
You have a pair of horns on your head.


Message History

You slash the orc!
You kill the orc!
The ice beast hits you. The ice beast freezes you!
You take 12 damage, and have 35/55 hp.
MASSIVE DAMAGE!!
You slash the ice beast! The ice beast misses you.
You slash the ice beast!
You headbutt the ice beast, but do no damage.
The ice beast hits you but does no damage.
The ice beast hits you. The ice beast freezes you!
* * * LOW HITPOINT WARNING * * *
You take 14 damage, and have 21/55 hp.
MASSIVE DAMAGE!!
You hit the ice beast but do no damage. The ice beast misses you.
You hit the ice beast. The ice beast hits you.
* * * LOW HITPOINT WARNING * * *
The ice beast freezes you!
* * * LOW HITPOINT WARNING * * *
The ice beast hits you.
* * * LOW HITPOINT WARNING * * *
The ice beast freezes you!
You die... #....###### #......... #........ ....... ..... og.

... #Y# ..# #@# #.#
##+#+##)# #.# .?....†)#
#.########## .........#
#.##........
........)#+#.##........
.......................
..................#####
..[...............#
#........#<#+######


You could see an ice beast, an orc and a hobgoblin.

Vault maps used:
D:1:      lemuel_arrival_behind_the_door_small
D:2:      lemuel_crystal_altar, minitemple, uniq_sigmund
D:3:      first_ration, uniq_robin

Notes
Turn   | Place    | Note
-------+----------+-------------------------------------------
     0 | D:1      | Markonkel the Minotaur Berserker began the quest for the
                  | Orb.
     0 | D:1      | Reached XP level 1. HP: 19/19 MP: 0/0
   311 | D:1      | Reached XP level 2. HP: 27/27 MP: 1/1
   353 | D:1      | Reached skill level 4 in Axes
  1275 | D:2      | Reached skill level 4 in Fighting
  1275 | D:2      | Reached XP level 3. HP: 33/33 MP: 2/2
  1309 | D:2      | Noticed Sigmund
  1313 | D:2      | Reached skill level 3 in Armour
  1322 | D:2      | Killed Sigmund
  1322 | D:2      | Reached skill level 5 in Axes
  1322 | D:2      | Reached skill level 3 in Dodging
  1322 | D:2      | Reached XP level 4. HP: 26/41 MP: 3/3
  1322 | D:2      | Reached XP level 5. HP: 30/47 MP: 4/4
  1649 | D:2      | Found a shimmering altar of Xom.
  1825 | D:2      | Reached ** piety under Trog
  2192 | D:2      | Found a burning altar of Makhleb.
  2199 | D:2      | Found a stormy altar of Qazlal.
  2199 | D:2      | Found a glowing golden altar of the Shining One.
  2205 | D:2      | Found a bloodstained altar of Trog.
  2209 | D:2      | Found a shattered altar of Ashenzari.
  2439 | D:3      | Reached skill level 4 in Armour
  2494 | D:3      | Noticed Robin
  2507 | D:3      | Noticed an ice beast
  2508 | D:3      | Killed Robin
  2508 | D:3      | Reached XP level 6. HP: 55/55 MP: 5/5
  2530 | D:3      | HP: 6/55 [ice beast (13)]
  2530 | D:3      | Mangled by an ice beast

Table legend:
 A = Turns spent in this place as a percentage of turns spent in the entire game.
 B = Non-inter-level travel turns spent in this place as a percentage of non-inter-level travel turns spent in the entire game.
 C = Inter-level travel turns spent in this place as a percentage of turns spent in this place.
 D = Turns resting spent in this place as a percentage of non-inter-level travel turns spent in this place.
 E = Turns spent auto-exploring this place as a percentage of non-inter-level travel turns spent in this place.
 F = Non-inter-level travel turns spent in this place divided by the number of levels of this place that you've seen.
                   A       B       C       D       E      F
               +-------+-------+-------+-------+-------+----------------------
         Total | 100.0 | 100.0 |   3.6 |   0.0 |  88.5 | 812.7
       Dungeon | 100.0 | 100.0 |   3.6 |   0.0 |  88.5 | 812.7
               +-------+-------+-------+-------+-------+----------------------

Table legend:
 A = Kills in this place as a percentage of kills in entire the game.
 B = Kills by you in this place as a percentage of kills by you in the entire game.
 C = Kills by friends in this place as a percentage of kills by friends in the entire game.
 D = Other kills in this place as a percentage of other kills in the entire game.
 E = Experience gained in this place as a percentage of experience gained in the entire game.
 F = Experience gained in this place divided by the number of levels of this place that you have seen.
                   A       B       C       D       E      F
               +-------+-------+-------+-------+-------+----------------------
         Total | 100.0 | 100.0 |   N/A |   N/A | 100.0 | 136.3
       Dungeon | 100.0 | 100.0 |   N/A |   N/A | 100.0 | 136.3
               +-------+-------+-------+-------+-------+----------------------

Skill      XL: |  1  2  3  4  5 |
---------------+----------------+-----
Axes           | 4 5 |  5.9
Fighting       | 4 |  4.9
Armour         | 3 4 |  4.0
Dodging        | 3 |  3.6

Action                   |  1- 3 |  4- 6 || total
-------------------------+-------+-------++-------
Melee: Hand axe          |    52 |    78 ||   130
       Headbutt          |    10 |     6 ||    16
Invok: Berserk           |     1 |     1 ||     2
       Trog's Hand       |       |     1 ||     1
 Stab: Sleeping          |       |     1 ||     1
  Eat: Ration            |     1 |       ||     1
       Chunk             |       |     3 ||     3
Armor: Animal skin       |     4 |    11 ||    15
Dodge: Dodged            |    32 |    55 ||    87

Vanquished Creatures
  Sigmund (D:2)
  Robin (D:3)
  4 adders
  An ooze (D:1)
  A worm (D:2)
  3 dart slugs
  2 leopard geckos (D:2)
  2 orcs (D:3)
  2 bats (D:2)
  5 giant cockroaches
  10 goblins
  9 hobgoblins
  2 jackals (D:1)
  5 kobolds
  A quokka (D:2)
  A ball python (D:2)
  4 frilled lizards
  5 rats
59 creatures vanquished.
